[Event "2nd Turkish League 2017"]
[Site "Konya"]
[Date "2017.07.17"]
[Round "1"]
[White "Doganoglu, Doga"]
[Black "Ilkbahar, Nimet Seray"]
[Result "0-1"]
[ECO "D13"]
[WhiteElo "1166"]
[BlackElo "1618"]
[Annotator "NA"]
[PlyCount "80"]
[EventType "team-tourn"]
[EventCountry "TUR"]
[SourceTitle "playchess.com"]
[Source "ChessBase"]
[SourceQuality "1"]
[TimeControl "5400+30"]

1. d4 d5 2. Nf3 Nf6 3. Bf4 c5 4. c3 cxd4 5. cxd4 Nc6 6. h3 g6 7. e3 Bg7 8. a3 O-O 9. Bd3 b6 10. Nbd2 Bb7 11. O-O Rc8 12. Rc1 e6 13. Ne5 Nd7 14. Ndf3 Ndxe5 15. Nxe5 Nxe5 16. Bxe5 Bxe5 17. dxe5 Qg5 18. f4 Qe7 19. Qg4 Qd7 20. f5 Rxc1 21. Rxc1 exf5 22. Qf4 Rc8 23. Rf1 Qc6 24. Qg3 Kh8 25. h4 Re8 26. h5 Qc7 27. Qg5 Qxe5 28. hxg6 fxg6 29. Rf3 Rc8 30. Rf1 Qxb2 31. Kh2 Qe5+ 32. Kg1 Re8 33. Rf3 Qe7 34. Qh6 Qg7 35. Qg5 d4 36. Rh3 dxe3 37. Rxe3 Qd4 38. Kf2 f4 39. Qb5 Qxe3+ 40. Kf1 Qe1# 0-1

[Event "2nd Turkish League 2017"]
[Site "Konya"]
[Date "2017.07.18"]
[Round "2"]
[White "Benderac, Ana"]
[Black "Bayrak, Asli"]
[Result "1-0"]
[ECO "D13"]
[WhiteElo "2233"]
[BlackElo "2056"]
[Annotator "NA"]
[PlyCount "73"]
[EventType "team-tourn"]
[EventCountry "TUR"]
[SourceTitle "playchess.com"]
[Source "ChessBase"]
[SourceQuality "1"]
[TimeControl "5400+30"]

1. d4 d5 2. c4 c6 3. cxd5 cxd5 4. Nc3 Nc6 5. Nf3 Nf6 6. Bf4 e6 7. e3 a6 8. Bd3 Be7 9. Rc1 {[%emt 0:00:30] LiveBook: 100 Games D13: Slav Defence: Exchange variation without ...Bf5} b5 $146 (9... Nh5 $11 {keeps the balance.}) ({Predecessor:} 9... O-O 10. Ne5 Nxe5 11. dxe5 Nd7 12. O-O Nc5 13. Bb1 Qb6 14. Qd4 Rd8 15. h4 Bxh4 16. e4 Nd7 17. Qd3 d4 18. Na4 Qa5 {½-½ (43) Salgado Lopez,I (2606)-Malakhov,V (2722) Villafranca 2010}) 10. Nxb5 axb5 11. Rxc6 Qa5+ 12. Nd2 Bd7 13. Rc2 Qxa2 14. O-O O-O 15. Qe2 Rfc8 16. Rxc8+ Rxc8 17. Nf3 b4 18. Ne5 Be8 19. Bg5 Qa7 20. f3 Nh5 21. Bxe7 Qxe7 22. Ba6 Rc7 23. Nd3 Qd6 24. Nc5 Nf6 25. Bb5 Qb6 26. Bxe8 Nxe8 27. Ra1 Ra7 28. Rxa7 Qxa7 $14 29. Qb5 Qa1+ 30. Kf2 Qxb2+ 31. Kg3 Kf8 32. Nd7+ Ke7 33. Ne5 Nd6 34. Qd7+ Kf6 35. Qxd6 Qb1 36. Qd7 Qe1+ 37. Kg4 1-0

[Event "2nd Turkish League 2017"]
[Site "Konya"]
[Date "2017.07.20"]
[Round "2"]
[White "Akca, Gani Eren"]
[Black "Percin, Onder"]
[Result "1-0"]
[ECO "C95"]
[WhiteElo "2158"]
[BlackElo "1912"]
[Annotator "ChessBase"]
[PlyCount "111"]
[EventType "team-tourn"]
[EventCountry "TUR"]
[SourceTitle "playchess.com"]
[Source "ChessBase"]
[SourceQuality "1"]
[TimeControl "5400+30"]

1. e4 e5 2. Nf3 Nc6 3. Bb5 a6 4. Ba4 Nf6 5. O-O Be7 6. Re1 b5 7. Bb3 d6 8. c3 O-O 9. h3 Nb8 10. d4 Nbd7 11. Nbd2 Bb7 12. Bc2 Re8 13. Nf1 Bf8 14. Ng3 g6 15. b3 Bg7 16. d5 Nc5 17. Be3 h6 18. c4 bxc4 19. bxc4 Nfd7 20. Rb1 Qe7 21. Nd2 Reb8 22. Nb3 Nxb3 23. Rxb3 Bc8 24. Qd2 Kh7 25. Reb1 Rxb3 26. Rxb3 Nc5 27. Bxc5 dxc5 28. Qa5 h5 29. Rb1 h4 30. Nf1 f5 31. Ne3 f4 32. Ng4 Bf8 33. Ba4 Bxg4 34. hxg4 Qd8 35. Bc6 Rb8 36. Rb7 Bd6 37. Qxa6 Rxb7 38. Bxb7 Qg5 39. Bc8 f3 40. Qa3 fxg2 41. Kxg2 Qd2 42. Be6 Be7 43. Qf3 Kh6 44. a4 h3+ 45. Kxh3 Qa2 46. g5+ Kxg5 47. Qg3+ Kh6 48. Bf7 Bg5 49. Qxe5 Qb3+ 50. Kg2 Kh5 51. Qe6 Kh4 52. Bxg6 Qd3 53. Bf5 Qxc4 54. Qe5 Kh5 55. Qh8+ Bh6 56. Qg8 1-0

[Event "2nd Turkish League 2017"]
[Site "Konya"]
[Date "2017.07.18"]
[Round "2"]
[White "Zor, Alber Kadir"]
[Black "Rzayev, Bahruz"]
[Result "0-1"]
[ECO "C54"]
[WhiteElo "2146"]
[BlackElo "2386"]
[Annotator "NA RC"]
[PlyCount "92"]
[EventType "team-tourn"]
[EventCountry "TUR"]
[SourceTitle "playchess.com"]
[Source "ChessBase"]
[SourceQuality "1"]
[TimeControl "5400+30"]

1. e4 e5 2. Nf3 Nc6 3. Bc4 Nf6 4. d3 Bc5 5. O-O d6 6. c3 a6 7. Bb3 Ba7 8. h3 h6 9. Re1 g5 10. Be3 Bxe3 11. fxe3 g4 12. hxg4 Nxg4 13. Qe2 Qe7 14. c4 f5 15. Nc3 fxe4 16. Nxe4 Bf5 17. Nh2 (17. Ba4 $15) 17... h5 $17 18. Qf3 Rf8 19. Nxg4 hxg4 20. Qg3 O-O-O 21. Rf1 Qh7 22. Bd1 Kb8 23. Bxg4 Bxe4 24. dxe4 Qxe4 25. Rxf8 Rxf8 26. b3 Nd4 27. Rf1 Rg8 28. exd4 Qxd4+ 29. Kh2 Rxg4 30. Rf8+ Ka7 31. Qf2 b5 32. Qxd4+ exd4 33. Kh3 Re4 34. Rf2 bxc4 35. bxc4 Kb6 36. Rf5 c6 37. a4 a5 38. g4 d3 39. Rf1 Kc5 40. g5 Kd4 41. g6 Re8 42. Rf6 d5 43. cxd5 cxd5 44. Kg3 d2 45. Rf1 Re1 46. Rf4+ Ke5 0-1

[Event "2nd Turkish League 2017"]
[Site "Konya"]
[Date "2017.07.20"]
[Round "2"]
[White "Duman, Aydin"]
[Black "Eke, Salih"]
[Result "1-0"]
[ECO "C90"]
[WhiteElo "2056"]
[BlackElo "1669"]
[Annotator "NA"]
[PlyCount "83"]
[EventType "team-tourn"]
[EventCountry "TUR"]
[SourceTitle "playchess.com"]
[Source "ChessBase"]
[SourceQuality "1"]
[TimeControl "5400+30"]

1. e4 c5 2. Nf3 Nc6 3. Bb5 d6 4. O-O Bd7 5. c3 Nf6 6. Re1 a6 7. Ba4 b5 8. Bc2 Bg4 9. d3 e5 10. h3 Bh5 11. Nbd2 Be7 12. Nf1 O-O 13. Ng3 Bg6 {[%emt 0:00:30] C90: Closed Ruy Lopez with 7...d6: Early deviations} 14. Nh4 {[%emt 0:00:30] LiveBook: 4 Games} d5 (14... Ne8 15. Nhf5 Bg5 16. Qf3 Ra7 17. Bxg5 Qxg5 18. Rad1 Rc7 19. Bb3 Qf6 {½-½ (20) Gurevich,V (2474)-Vatter,H (2322) Germany 2012}) 15. Nxg6 hxg6 16. exd5 Nxd5 17. Qf3 Qd7 18. Ne4 b4 $146 ({Predecessor:} 18... Rad8 19. Be3 Nxe3 20. Qxe3 Rc8 21. a3 {½-½ (58) Zarkovic,M (2107)-Benderac,A (2229) Apatin 2014}) 19. Bd2 (19. Bb3 $5 Rad8 20. Bg5 $16) 19... bxc3 20. bxc3 Rad8 21. Rab1 Nc7 22. Rb7 Na5 23. Ba4 Qc8 24. Rbb1 Ne6 25. Ng3 Qc7 26. Nf1 c4 27. dxc4 Nxc4 28. Be3 Qa5 29. Bb3 Nxe3 30. Nxe3 Ng5 31. Qb7 Bc5 32. Nd5 Rfe8 33. h4 Ne6 34. Rxe5 Rb8 35. Qc6 Rbc8 $18 (35... Kf8 $14) 36. Ne7+ Rxe7 37. Qxc8+ Kh7 38. Rbe1 Qb6 39. Rxc5 Nxc5 40. Rxe7 Nd3 41. Rxf7 Qd6 42. Rf8 1-0

[Event "2nd Turkish League 2017"]
[Site "Konya"]
[Date "2017.07.20"]
[Round "2"]
[White "Seyhanoglu, Deniz"]
[Black "Yener, Cemil"]
[Result "1/2-1/2"]
[ECO "A36"]
[WhiteElo "2049"]
[BlackElo "1843"]
[Annotator "NA"]
[PlyCount "119"]
[EventType "team-tourn"]
[EventCountry "TUR"]
[SourceTitle "playchess.com"]
[Source "ChessBase"]
[SourceQuality "1"]
[TimeControl "5400+30"]

1. c4 c5 2. g3 g6 3. Bg2 Bg7 4. e3 e5 5. Nc3 Ne7 6. Nge2 Nbc6 7. O-O O-O 8. a3 d6 9. d3 Rb8 {[%emt 0:00:00] A36: Symmetrical English vs ...g6: 4 Bg2 Bg7} (9... a5 10. Bd2 Be6 11. Nd5 {½-½ (11) Saric,A (2597)-Saric,I (2654) Porec 2016}) 10. Rb1 a6 11. b4 cxb4 12. axb4 b5 13. Ba3 Be6 14. Nd5 Qd7 15. Nec3 Bh3 16. Ne4 Nxd5 17. cxd5 Bxg2 $146 18. dxc6 Qh3 19. Ng5 Qh6 20. Kxg2 Qxg5 21. Qb3 Rfc8 22. Qd5 Qe7 23. Rfc1 Rc7 24. Rc2 Qe6 {[%emt 0:00:00] [#]} 25. e4 $1 Rb6 26. Rc3 h5 27. h3 Bf8 28. Rbc1 Qc8 29. R1c2 Qa8 (29... Bh6 $16 30. Qxd6 Bf8) 30. Bc1 a5 31. Be3 Ra6 32. bxa5 ({Don't take} 32. Qxb5 $6 axb4 33. Qxb4 Rcxc6 $16) 32... b4 33. Rb3 Rxa5 34. Qc4 Ra6 35. Qxb4 Raxc6 36. Rxc6 Qxc6 37. Qa5 Qd7 38. Rb6 Be7 39. Qa8+ Rc8 40. Qd5 Kg7 41. Rb7 Rc7 42. Rb6 Qe6 43. Qb5 Qd7 44. Qb3 Qe6 45. Qa4 Qd7 46. Qa8 Rc8 47. Qd5 Rc7 48. Rb5 Qc6 49. Qb3 Qc2 50. Qxc2 Rxc2 51. Kf3 Kf6 52. Rd5 Ke6 53. Rb5 Bf6 54. Ra5 Rc7 55. Ra2 Rc6 56. Ra5 Bd8 57. Ra7 Rc7 $11 58. Rxc7 Bxc7 59. Ke2 d5 60. f3 1/2-1/2

[Event "2nd Turkish League 2017"]
[Site "Konya"]
[Date "2017.07.20"]
[Round "2"]
[White "Ibik, Halit Yavuz"]
[Black "Bicer, Atakan Mert"]
[Result "1/2-1/2"]
[ECO "B18"]
[WhiteElo "2004"]
[BlackElo "1863"]
[Annotator "NA"]
[PlyCount "79"]
[EventType "team-tourn"]
[EventCountry "TUR"]
[SourceTitle "playchess.com"]
[Source "ChessBase"]
[SourceQuality "1"]
[TimeControl "5400+30"]

1. e4 c6 2. d4 d5 3. Nc3 dxe4 4. Nxe4 Bf5 5. Ng3 Bg6 6. Nf3 Nd7 7. Bd3 Bxd3 {[%emt 0:00:00] LiveBook: 68 Games} 8. Qxd3 Ngf6 9. O-O e6 10. Re1 Be7 11. b3 O-O 12. Bb2 Qc7 13. c4 Rad8 14. Qc2 Rfe8 15. Rad1 Bf8 16. Ne5 Nxe5 17. dxe5 Nd7 18. f4 Bb4 19. Re2 Nf8 20. Ne4 Rxd1+ 21. Qxd1 Rd8 22. Qc2 Qa5 23. Bc3 Bxc3 24. Qxc3 Qxc3 25. Nxc3 Ng6 26. g3 Ne7 27. Ne4 Nf5 28. Kf2 h5 29. h3 Rd3 30. Rd2 Rxd2+ $1 31. Nxd2 c5 32. Ne4 b6 33. Nc3 Nd4 34. Nb5 Nc6 35. Ke3 Kf8 36. g4 hxg4 37. hxg4 Ke7 38. Ke4 f6 39. exf6+ gxf6 40. Nc3 $11 1/2-1/2

[Event "2nd Turkish League 2017"]
[Site "Konya"]
[Date "2017.07.20"]
[Round "2"]
[White "Okay, Ilkin Ege"]
[Black "Gurbuz, Bayram"]
[Result "1-0"]
[ECO "B07"]
[WhiteElo "1973"]
[BlackElo "1794"]
[Annotator "NA"]
[PlyCount "137"]
[EventType "team-tourn"]
[EventCountry "TUR"]
[SourceTitle "playchess.com"]
[Source "ChessBase"]
[SourceQuality "1"]
[TimeControl "5400+30"]

1. e4 d6 2. d4 Nf6 3. Nc3 e5 4. dxe5 dxe5 5. Qxd8+ Kxd8 6. Bc4 Ke8 7. Nf3 Bd6 8. b3 {[%emt 0:06:30] B07: Pirc Defence: Miscellaneous Systems} (8. Bg5 Nbd7 9. Nd2 c6 10. Bb3 Bc7 11. O-O Nc5 12. Be3 Ne6 13. f3 Ke7 14. Rfd1 Rd8 15. Ne2 Nh5 16. g3 Nf6 {½-½ (50) Shomoev,A (2550)-Najer,E (2682) Sochi 2017}) 8... Nbd7 $146 ({Predecessor:} 8... c6 9. Bb2 Nbd7 10. Rd1 Bc5 11. O-O b5 12. Bd3 Kd8 13. a4 a6 14. axb5 axb5 15. Bxb5 cxb5 16. Nxe5 {½-½ (29) Voiteanu,C (2248)-Kukov,V (2396) Albena 2013}) 9. Bb2 a6 10. a4 Nb6 11. Be2 Be6 12. Ng5 Ke7 13. Nxe6 fxe6 14. a5 Nbd7 15. Bc4 Rad8 (15... Nb8 $15) 16. Ke2 Nb8 17. Bd3 Nc6 18. Rhd1 Rhf8 19. h3 Nh5 20. Kf1 Bc5 21. Rd2 {[%emt 0:03:30] [#]} Rf7 ({Black should try} 21... Be3 $1 $17 22. Ba3+ Ke8 23. Bxf8 Bxd2) 22. Ba3 Bxa3 23. Rxa3 Nb4 24. Ra1 Nxc2 25. Rxc2 Rxd3 26. Rd1 Ng3+ 27. Ke1 Rxd1+ 28. Kxd1 Nh5 29. Na4 Kf6 30. Nc5 c6 31. Rd2 Nf4 32. Nd7+ Kg5 33. Nxe5 Re7 {[%emt 0:00:30] [#]} 34. h4+ $1 Kf6 35. Nd7+ Kf7 36. g3 Ng6 37. h5 Nf8 38. Ne5+ Ke8 39. Nc4 Rc7 40. e5 Nd7 41. Ke2 Ke7 42. Ke3 Kf8 43. Rd4 Ke7 44. Rg4 Kf8 45. Kd4 c5+ 46. Ke4 Nb8 47. Rf4+ Kg8 48. h6 Nc6 49. hxg7 Kxg7 50. Rf6 Re7 (50... Nd4 $14) 51. f4 Nd4 (51... h5 $16) 52. Nd2 $16 (52. g4 $18) 52... Nc6 (52... Ne2 $14) 53. Nc4 Nd4 54. Nd2 Nc2 55. Kd3 Nb4+ 56. Kc4 Nd5 57. Ne4 Re8 58. Nd6 Re7 59. Nf5+ exf5 60. Kxd5 Rd7+ 61. Kxc5 Rd3 62. Rb6 Rxg3 63. Rxb7+ Kf8 64. Kd6 h5 65. e6 Rd3+ 66. Ke5 h4 67. Kf6 Kg8 68. e7 Re3 69. Rb8+ 1-0

[Event "2nd Turkish League 2017"]
[Site "Konya"]
[Date "2017.07.20"]
[Round "2"]
[White "Demirbag, Alihan"]
[Black "Altunbay, Onder"]
[Result "1-0"]
[ECO "B23"]
[WhiteElo "1960"]
[BlackElo "1830"]
[Annotator "NA"]
[PlyCount "165"]
[EventType "team-tourn"]
[EventCountry "TUR"]
[SourceTitle "playchess.com"]
[Source "ChessBase"]
[SourceQuality "1"]
[TimeControl "5400+30"]

1. e4 c5 2. Nc3 a6 3. g3 b5 4. Bg2 Bb7 5. d3 {[%emt 0:00:30] LiveBook: 427 Games} e6 6. f4 Be7 {[%emt 0:11:30] B23: Closed Sicilian: Lines without g3} 7. Nh3 Nf6 8. O-O b4 9. Ne2 d6 10. Nf2 d5 $146 ({Predecessor:} 10... Nc6 11. g4 Nd7 12. a3 a5 13. Ng3 Qb6 14. axb4 axb4 15. Rxa8+ Bxa8 {1-0 (60) Vitiugov,N (2724)-Donchenko,A (2559) Caleta 2017}) 11. e5 Nfd7 12. Qe1 Qc7 13. c3 (13. f5 $5) 13... bxc3 14. bxc3 c4 15. d4 Nb6 (15... g6 $16) 16. Ng4 h5 17. Ne3 g6 18. h3 N8d7 19. Nc2 O-O-O 20. Ba3 Bxa3 21. Nxa3 Qc6 22. Nc2 Kb8 23. Qd2 Ka7 24. g4 hxg4 25. hxg4 Rh4 26. Ne3 Rg8 27. g5 Nb8 28. Kf2 Rgh8 29. Rh1 Qe8 30. Rxh4 Rxh4 31. Rh1 Rxh1 32. Bxh1 Qh8 33. Bg2 Qh4+ 34. Kf1 Nc6 35. Qe1 Qxe1+ 36. Kxe1 Nd8 37. Kd2 Bc6 38. Ng1 Be8 39. Nf3 Nc8 40. Nh4 Ne7 41. Bf3 Kb6 42. Bd1 Ka5 43. Bc2 Bc6 44. Ng4 Kb5 45. Nf6 Kb6 46. Ng4 Kb5 47. Nh6 Be8 48. Ng2 Kb6 49. Ne3 $14 Ka5 50. Bd1 Ba4 51. Bxa4 Kxa4 52. Kc2 a5 53. Kb2 Nec6 54. Neg4 Ne7 55. Nf6 Nec6 56. Ne8 Nb8 57. Nd6 Nd7 58. Nhxf7 Nxf7 59. Nxf7 Nf8 60. f5 exf5 61. Nd8 f4 62. Kc2 f3 63. Kd2 f2 64. Ke2 Ka3 65. e6 Nxe6 66. Nxe6 f1=Q+ 67. Kxf1 Kxa2 68. Nc7 Kb2 69. Nxd5 a4 70. Nb6 Kxc3 71. Nxa4+ Kxd4 72. Kf2 Ke4 73. Kg3 Kf5 74. Kh4 Kf4 75. Nb6 c3 76. Nd5+ Ke5 77. Nxc3 Ke6 78. Kg4 Kf7 79. Kf4 Ke6 80. Ne4 Kf7 81. Ke5 Kg7 82. Ke6 Kh7 83. Kf6 1-0

[Event "2nd Turkish League 2017"]
[Site "Konya"]
[Date "2017.07.18"]
[Round "2"]
[White "Kelebek, Emre"]
[Black "Eren, Baran"]
[Result "0-1"]
[ECO "B47"]
[WhiteElo "1907"]
[BlackElo "2143"]
[Annotator "NA RC"]
[PlyCount "48"]
[EventType "team-tourn"]
[EventCountry "TUR"]
[SourceTitle "playchess.com"]
[Source "ChessBase"]
[SourceQuality "1"]
[TimeControl "5400+30"]

1. e4 c5 2. Nf3 e6 3. d4 cxd4 4. Nxd4 Nc6 5. Nc3 Qc7 6. Ndb5 Qb8 7. Be3 a6 8. Nd4 Nf6 9. Be2 {B47: Sicilian: Taimanov: 5 Nc3 Qc7 6 f4, 6 g3 and 6 Be2} Bb4 10. Nxc6 bxc6 11. Bf3 d5 12. exd5 cxd5 13. O-O O-O 14. Na4 $146 ({Predecessor:} 14. Bg5 Bd6 15. g3 Be5 {0-1 (60) Sztokbant,B (1979)-Barbosa,E (2383) Sao Paulo 2011}) 14... a5 15. Nb6 Ra6 16. Nxc8 Rxc8 17. Qe2 Rac6 18. c3 Bd6 19. g3 Nd7 20. Bd4 Bc5 21. Rfd1 Bxd4 22. Rxd4 Rb6 23. Be4 (23. Rb1 $142) 23... Nf6 $19 ({Weaker is} 23... dxe4 24. Rxd7 Rxb2 25. Qxe4 $11) 24. Bf3 Rxb2 0-1

[Event "2nd Turkish League 2017"]
[Site "Konya"]
[Date "2017.07.20"]
[Round "2"]
[White "Ugur, Can Atakan"]
[Black "Alaz, Ahmet Efekan"]
[Result "1/2-1/2"]
[ECO "B07"]
[WhiteElo "1889"]
[BlackElo "2015"]
[Annotator "NA"]
[PlyCount "111"]
[EventType "team-tourn"]
[EventCountry "TUR"]
[SourceTitle "playchess.com"]
[Source "ChessBase"]
[SourceQuality "1"]
[TimeControl "5400+30"]

1. e4 d6 2. d4 Nf6 3. Bd3 Nbd7 4. Nf3 {[%emt 0:04:30] B07: Pirc Defence: Miscellaneous Systems} e5 5. dxe5 dxe5 6. Bg5 (6. O-O Be7 7. Nbd2 c6 8. c3 O-O 9. Bc2 Qc7 10. Qe2 a5 11. Rd1 a4 12. Nf1 Nc5 13. Ng3 {½-½ (85) Bogdanovich,S (2590)-Dominguez Perez,L (2732) Berlin 2015}) 6... Be7 7. O-O c6 8. Nbd2 Qc7 9. Nb3 h6 $146 ({Predecessor:} 9... Nf8 10. h3 Ng6 11. Nh4 Nxh4 12. Bxh4 O-O 13. Qe2 {0-1 (37) Ruiz Diez,J (2319)-Ramo Frontinan,C (2348) Spain 2006}) 10. Bd2 Nf8 11. Bc3 Ng6 12. Nfd2 Be6 13. Re1 Rd8 14. Qc1 Ng4 15. Bc4 Qb6 16. Rf1 Bxc4 $1 17. Nxc4 Qa6 $1 18. Ne3 Bg5 19. Bd2 Nf4 20. Qe1 Nf6 21. Nf5 g6 22. Bxf4 Bxf4 23. Ng3 Qc4 24. Qa5 O-O 25. Qxa7 Bxg3 26. hxg3 Nxe4 27. Qxb7 Qxc2 28. Rac1 Qxb2 29. Qxc6 Qxa2 30. Qxe4 Qxb3 31. Qxe5 Rfe8 32. Qf4 Kg7 33. Rce1 Qd5 34. Qa4 Rxe1 35. Rxe1 Ra8 36. Qb4 Qf5 37. Qc3+ Qf6 38. Qb3 Ra1 39. Qe3 $11 h5 40. Qe2 Qc3 41. Rxa1 Qxa1+ 42. Kh2 Qd4 43. Qc2 Kf6 44. Qe2 Qc5 45. Kg1 Qc1+ 46. Kh2 Qb1 47. Qd2 Ke6 48. Qe3+ Kd7 49. Qd4+ Ke6 50. Qe3+ Kf6 51. Qd4+ Ke6 52. Qe3+ Kd7 53. Qd4+ Ke8 54. Qe5+ Kf8 55. Qh8+ Ke7 56. Qe5+ 1/2-1/2

[Event "2nd Turkish League 2017"]
[Site "Konya"]
[Date "2017.07.20"]
[Round "2"]
[White "Percin, Baris"]
[Black "Cannesar, Rad"]
[Result "1-0"]
[ECO "B25"]
[WhiteElo "1869"]
[BlackElo "1979"]
[Annotator "NA"]
[PlyCount "95"]
[EventType "team-tourn"]
[EventCountry "TUR"]
[SourceTitle "playchess.com"]
[Source "ChessBase"]
[SourceQuality "1"]
[TimeControl "5400+30"]

1. e4 c5 2. Nc3 Nc6 3. g3 g6 4. Bg2 Bg7 5. d3 d6 6. f4 e6 7. Nf3 Nge7 8. O-O O-O 9. Be3 Nd4 10. e5 Nef5 11. Bf2 Nxf3+ 12. Qxf3 Nd4 13. Qd1 dxe5 14. fxe5 Bxe5 15. Ne4 c4 {[%emt 0:09:30] B25: Closed Sicilian: 3 g3, lines without early Be3} (15... b6 $11) (15... Bg7 16. c3 Nf5 17. Nxc5 Qc7 18. d4 Rb8 19. g4 Nd6 20. Nd3 b6 21. Bg3 Rd8 22. Ne5 Bb7 23. Qe2 Bxg2 24. Qxg2 Bxe5 25. Bxe5 {1-0 (32) Muzychuk,A (2560)-Lagno,K (2543) Khanty-Mansiysk 2014}) 16. c3 Nc6 17. Bc5 cxd3 18. Bxf8 Kxf8 19. Qf3 $146 ({Predecessor:} 19. Qd2 Kg7 20. Rad1 f5 21. Nc5 Bf6 22. Qf2 Qc7 23. Rxd3 {1-0 (49) Liemann,M-Wolf,U Muenster 1991}) 19... f5 20. Rad1 Qb6+ 21. Qf2 Bc7 22. Kh1 Ne5 23. Nc5 Ng4 24. Qd4 e5 25. Qxg4 Qxc5 26. Rxd3 Be6 27. Qh4 Qe7 28. Qh6+ Qg7 29. Qxg7+ Kxg7 30. Rfd1 $11 (30. Bxb7 $16 Rb8 31. Bd5) 30... Kf6 31. Bd5 e4 32. R3d2 e3 33. Rd3 e2 34. Re1 Rd8 35. c4 Re8 36. Bxe6 Rxe6 37. b4 f4 38. gxf4 Bxf4 39. Rf3 Kg5 40. Rf2 Bd2 41. Rexe2 Rxe2 42. Rxe2 Bxb4 43. Rb2 a5 44. a3 Bxa3 45. Rb5+ Kf4 46. Rxa5 Bf8 47. Ra7 b6 48. Rf7+ 1-0

[Event "2nd Turkish League 2017"]
[Site "Konya"]
[Date "2017.07.18"]
[Round "2"]
[White "Sahinoglu, Hakan"]
[Black "Kurdas, Halil Ibrahim"]
[Result "0-1"]
[ECO "D48"]
[WhiteElo "1835"]
[BlackElo "1774"]
[Annotator "NA"]
[PlyCount "36"]
[EventType "team-tourn"]
[EventCountry "TUR"]
[SourceTitle "playchess.com"]
[Source "ChessBase"]
[SourceQuality "1"]
[TimeControl "5400+30"]

1. d4 d5 2. c4 dxc4 3. Nf3 Nf6 4. e3 e6 5. Bxc4 a6 6. Nc3 b5 7. Bd3 c5 8. O-O Bb7 9. Qe2 Nbd7 10. Rd1 Qb6 11. Bc2 Rc8 12. e4 cxd4 13. Nxd4 Bc5 14. Be3 $15 Ne5 15. a4 b4 16. a5 Qc7 17. Na4 Neg4 18. Nxc5 Qxh2+ 0-1

[Event "2nd Turkish League 2017"]
[Site "Konya"]
[Date "2017.07.20"]
[Round "2"]
[White "Turkmen, Huseyin Nafizhan"]
[Black "Ertas, Deniz"]
[Result "0-1"]
[ECO "B01"]
[WhiteElo "1817"]
[BlackElo "1799"]
[Annotator "NA"]
[PlyCount "82"]
[EventType "team-tourn"]
[EventCountry "TUR"]
[SourceTitle "playchess.com"]
[Source "ChessBase"]
[SourceQuality "1"]
[TimeControl "5400+30"]

1. e4 d5 2. exd5 Qxd5 3. Nc3 Qa5 4. d4 Nf6 5. Bd3 {[%emt 0:01:30] LiveBook: 17 Games} (5. a3 $14) 5... c6 6. Nge2 Bf5 {[%emt 0:04:30] B01: Scandinavian Defence} 7. Ng3 Bxd3 8. Qxd3 e6 9. O-O Nbd7 10. a3 $146 ({Predecessor:} 10. Bf4 Be7 11. Rfe1 O-O 12. Nf5 Bb4 13. Ne3 {0-1 (47) Morandini,R-Tempone,M (2445) Buenos Aires 1998}) 10... Be7 11. Bd2 O-O 12. Nce4 Qc7 13. c4 Rad8 14. b4 Ne5 15. Qc3 Neg4 16. Rad1 Nxe4 17. Qf3 Nxd2 18. Rxd2 Nf6 19. Re1 Rd7 20. d5 cxd5 21. cxd5 Rxd5 22. Rde2 Rfd8 23. h4 Rd3 24. Re3 Rxe3 25. Qxe3 Qb6 26. Qf3 Rd2 27. Nf1 Rc2 28. Ne3 Rc3 29. h5 Qc6 30. Qd1 h6 31. Qd4 Bd6 32. g3 Bc7 33. b5 Qc5 34. Qd2 Ne4 35. Qd7 Ng5 36. Qc8+ Kh7 37. Qxb7 {[%emt 0:00:06] [#]} Bxg3 $19 38. Qg2 Rc1 39. Nd1 Bxf2+ 40. Nxf2 Rxe1+ 41. Kh2 Qe5+ 0-1

[Event "2nd Turkish League 2017"]
[Site "Konya"]
[Date "2017.07.20"]
[Round "2"]
[White "Yuksel, Davut Can"]
[Black "Ozturk, Emir"]
[Result "0-1"]
[ECO "E12"]
[WhiteElo "1773"]
[BlackElo "2202"]
[Annotator "ChessBase"]
[PlyCount "102"]
[EventType "team-tourn"]
[EventCountry "TUR"]
[SourceTitle "playchess.com"]
[Source "ChessBase"]
[SourceQuality "1"]
[TimeControl "5400+30"]

1. d4 Nf6 2. c4 e6 3. Nf3 b6 4. a3 Ba6 5. Qc2 Bb7 6. Nc3 d5 7. cxd5 Nxd5 8. e4 Nxc3 9. bxc3 Nd7 10. Bd3 Be7 11. O-O O-O 12. Rd1 Re8 13. Bb2 Bf8 14. Rac1 Qe7 15. c4 g6 16. Qe2 Bg7 17. h3 e5 18. c5 c6 19. Qc2 exd4 20. cxb6 c5 21. bxa7 Rxa7 22. a4 Bc6 23. Re1 Bxa4 24. Qe2 Rb8 25. Ra1 Rba8 26. Rec1 Bh6 27. Rcb1 Bc6 28. Rxa7 Rxa7 29. Bc1 Bf8 30. Bf4 Qf6 31. Bg5 Qe6 32. Nd2 Ne5 33. Rb8 Qd6 34. Rd8 Ra1+ 35. Nf1 Qc7 36. Qb2 Ra8 37. Rxa8 Bxa8 38. Qa2 Bb7 39. Bf4 Nf3+ 40. gxf3 Qxf4 41. Kg2 Bc8 42. Qd2 Qh4 43. Ng3 Bd6 44. Qe1 Bxh3+ 45. Kg1 Be5 46. Bc4 Qf4 47. Kh2 Bd7 48. Kg2 h5 49. Qh1 h4 50. Ne2 h3+ 51. Kf1 Qd2 0-1

[Event "2nd Turkish League 2017"]
[Site "Konya"]
[Date "2017.07.18"]
[Round "2"]
[White "Simsek, Meltem"]
[Black "Abdulla, Khayala"]
[Result "0-1"]
[ECO "A17"]
[WhiteElo "1752"]
[BlackElo "2262"]
[Annotator "NA"]
[PlyCount "60"]
[EventType "team-tourn"]
[EventCountry "TUR"]
[SourceTitle "playchess.com"]
[Source "ChessBase"]
[SourceQuality "1"]
[TimeControl "5400+30"]

1. c4 e6 2. Nc3 d5 3. Nf3 Nf6 4. g3 d4 {[%emt 0:01:30] A17: English Opening: 1...Nf6 with ...Bb4} (4... Be7 5. Bg2 O-O 6. O-O c6 7. d3 Nbd7 8. Qc2 b6 9. Rd1 Bb7 10. h3 Rc8 11. e4 dxe4 12. dxe4 Qc7 13. a3 Qb8 14. b4 {½-½ (37) Brodowski,P (2436)-Zpevak,P (2392) Czechia 2012}) 5. Nb5 c5 6. d3 a6 7. Na3 Nc6 8. Bg2 Bd6 9. O-O O-O 10. Nc2 e5 11. Ng5 h6 12. Ne4 Nxe4 $146 13. Bxe4 f5 14. Bd5+ Kh8 15. f4 $1 Ne7 16. e4 (16. fxe5 $11 {remains equal.} Bxe5 17. Bg2) 16... fxe4 17. Bxe4 exf4 18. Bxf4 Bxf4 19. Rxf4 Rxf4 20. gxf4 Qc7 21. Qh5 Be6 {[%emt 0:01:30] [#]} (21... Bd7 $11) 22. Rf1 ({White should play} 22. f5 $1 $16 Bg8 {[#]} 23. f6 $1 ) 22... Rf8 23. f5 Qe5 24. Ne1 {[%emt 0:00:10] [#]} Bxc4 $1 25. Nf3 Qf4 26. f6 (26. Qh4 $17 Qxh4 27. Nxh4 Bxa2 28. Ra1) 26... gxf6 $2 (26... Rxf6 $19 27. Qe5 (27. Qe8+ $2 Ng8 $19) 27... Qxe5 28. Nxe5 Bxa2 29. Bxb7 Bd5 30. Bxd5 Nxd5) 27. Qxc5 $2 {[%emt 0:00:08] [#]} (27. dxc4 $11 Qxe4 28. Qxh6+ Kg8 {[#]} 29. Ng5 $1 Qe3+ 30. Kh1) 27... Bxd3 $1 28. Qxe7 (28. Bxd3 $19 Qe3+ 29. Kh1 Qxd3 30. Nd2) 28... Rg8+ 29. Kh1 Bxe4 30. Qa3 Qg4 0-1